Map: Frost LE

Players

llllllllllll - Winner!

  • Race: Protoss Protoss
  • League: Diamond

ReKt

  • Race: Zerg Zerg
  • League: Diamond

VOD

Have the link to the VOD?

Description

Time

  • Played on: Oct. 18, 2016, 12:54 a.m.
  • Length: 15:28
Show
View Real Time Build Order
Export as new Build Order

llllllllllll Protoss - Winner!

Build Orders: Nexus First 

Get SALT Encoding   

  12  0:01  Probe (Chrono Boost)  
  13  0:11  Probe (Chrono Boost)  
  14  0:22  Probe (Chrono Boost)  
  15  0:31  Pylon  
  16  0:50  Probe (Chrono Boost)  
  16  0:57  Nexus  
  16  1:00  Probe (Chrono Boost)  
  17  1:11  Probe (Chrono Boost)  
  18  1:20  Gateway  
  18  1:21  Probe (Chrono Boost)  
  19  1:33  Assimilator  
  19  1:34  Probe (Chrono Boost)  
  19  1:37  Assimilator  
  20  1:44  Probe (Chrono Boost)  
  21  1:55  Pylon  
  21  1:57  Gateway  
  21  2:04  Probe (Chrono Boost)  
  22  2:14  Probe (Chrono Boost)  
  22  2:15  Probe (Chrono Boost)  
  24  2:25  Probe x2 (Chrono Boost)  
  24  2:29  Cybernetics Core  
  26  2:36  Probe x2 (Chrono Boost)  
  28  2:42  Pylon  
  28  2:46  Probe (Chrono Boost)  
  28  2:50  Probe (Chrono Boost)  
  30  2:57  Probe (Chrono Boost)  
  30  2:58  Pylon  
  31  3:00  Probe (Chrono Boost)  
  32  3:07  Adept x2  
  32  3:11  Mothership Core (Chrono Boost)  
  32  3:12  Assimilator  
  38  3:17  Assimilator  
  38  3:28  Probe (Chrono Boost)  
  38  3:30  Probe (Chrono Boost)  
  40  3:34  Adept x2  
  40  3:39  Probe (Chrono Boost)  
  40  3:41  Probe (Chrono Boost)  
  46  3:46  Forge  
  46  3:51  Probe x2 (Chrono Boost)  
  48  4:01  Adept x2  
  48  4:02  Probe x2 (Chrono Boost)  
  54  4:12  Probe x2 (Chrono Boost)  
  56  4:23  Probe x2 (Chrono Boost), Photon Cannon  
  54  4:25  Photon Cannon  
  54  4:29  Pylon  
  50  4:38  Stargate  
  50  4:40  Stargate  
  48  5:01  Stargate  
  48  5:03  Stargate  
  48  5:05  Stargate  
  48  5:08  Probe (Chrono Boost)  
  48  5:11  Probe (Chrono Boost)  
  48  5:13  Pylon  
  50  5:19  Probe (Chrono Boost)  
  49  5:21  Probe (Chrono Boost)  
  50  5:34  Void Ray x2  
  58  5:44  Photon Cannon x2  
  58  5:46  Pylon  
  58  5:58  Oracle  
  58  5:59  Oracle x2  
  67  6:10  Photon Cannon  
  67  6:17  Photon Cannon  
  67  6:27  Void Ray  
  67  6:28  Void Ray  
  73  6:41  Oracle  
  76  7:02  Gateway  
  76  7:05  Photon Cannon  
  76  7:06  Photon Cannon  
  76  7:09  Photon Cannon  
  76  7:22  Pylon  
  76  7:24  Pylon  
  76  7:39  Oracle x3  
  76  7:41  Oracle x2  
  89  8:13  Nexus  
  89  8:15  Oracle, Mothership Core (Chrono Boost)  
  94  8:31  Pylon  
  94  8:32  Pylon  
  94  8:35  Pylon  
  94  8:46  Oracle  
  94  8:48  Oracle  
  94  8:56  Oracle x2  
  100  9:17  Photon Cannon  
  100  9:19  Gateway  
  100  9:20  Gateway  
  100  9:23  Gateway  
  100  9:24  Gateway  
  100  9:27  Gateway  
  100  9:28  Gateway  
  100  9:29  Pylon  
  100  9:30  Adept x2  
  104  9:31  Assimilator  
  104  9:54  Pylon  
  104  9:56  Pylon  
  104  9:57  Probe (Chrono Boost), Adept  
  104  9:59  Pylon  
  107  10:08  Probe (Chrono Boost)  
  108  10:18  Probe (Chrono Boost)  
  103  10:29  Probe (Chrono Boost)  
  104  10:38  Adept x4  
  104  10:39  Probe (Chrono Boost), Adept x2  
  117  10:59  Adept x2  
  121  11:05  Adept x3  
  121  11:06  Adept  
  121  11:07  Assimilator  
  121  11:10  Adept  
  131  11:11  Adept  
  133  11:26  Adept  
  135  11:32  Nexus  
  135  11:36  Pylon  
  137  11:40  Adept x3  
  137  11:42  Adept  
  143  11:53  Assimilator  
  143  11:55  Assimilator  
  143  11:58  Photon Cannon  
  143  12:01  Photon Cannon  
  143  12:07  Adept x2  
  147  12:10  Adept  
  147  12:12  Probe (Chrono Boost)  
  150  12:49  Oracle x5  
  165  12:59  Adept x2  
  165  13:01  Adept  
  165  13:04  Probe (Chrono Boost)  
  172  13:22  Adept x2  
  172  13:24  Oracle  
  172  13:25  Oracle  
  172  13:26  Adept x2  
Show
View Real Time Build Order
Export as new Build Order

ReKt Zerg 

Build Orders: Hatch First 

Get SALT Encoding   

  12  0:01  Drone  
  13  0:16  Overlord  
  13  0:23  Drone  
  14  0:34  Drone  
  14  0:35  Drone  
  16  0:44  Drone  
  17  0:54  Hatchery  
  17  0:55  Drone  
  17  1:10  Spawning Pool  
  16  1:13  Drone  
  17  1:22  Drone x2  
  19  1:26  Extractor  
  19  1:32  Drone  
  19  1:42  Drone  
  20  1:58  Queen  
  20  2:00  Overlord  
  22  2:06  Roach Warren  
  21  2:09  Drone  
  21  2:12  Queen  
  21  2:15  Drone  
  25  2:19  Drone  
  26  2:25  Extractor  
  26  2:29  Zergling x2  
  26  2:39  Overlord  
  26  2:52  Drone x2  
  28  3:03  Roach x2  
  28  3:04  Roach x2  
  36  3:12  Roach x2  
  42  3:13  Roach x2  
  42  3:19  Overlord  
  44  3:31  Evolution Chamber  
  44  3:32  Evolution Chamber  
  42  3:45  Drone  
  42  3:46  Drone x5  
  48  3:54  Overlord  
  48  3:58  Overlord  
  48  4:08  Drone  
  48  4:09  Drone x3  
  51  4:37  Roach x3  
  51  4:38  Roach x5  
  65  4:57  Metabolic Boost  
  65  4:58  Lair  
  63  5:03  Zerg Missile Weapons Level 1  
  63  5:04  Hatchery  
  62  5:20  Ravager  
  63  5:25  Ravager  
  63  5:28  Ravager  
  62  5:32  Zergling x12  
  59  5:50  Ravager  
  60  6:00  Ravager  
  43  6:29  Extractor  
  43  6:32  Extractor  
  34  6:33  Zerg Ground Armor Level 1  
  32  6:46  Drone  
  34  6:47  Drone x8  
  34  6:51  Hydralisk Den  
  40  6:56  Spore Crawler  
  40  6:59  Spore Crawler  
  40  7:00  Spore Crawler  
  37  7:06  Queen  
  37  7:07  Drone  
  40  7:15  Drone  
  41  7:16  Drone x6  
  41  7:18  Zerg Missile Weapons Level 2  
  41  7:20  Hydralisk  
  41  7:21  Hydralisk  
  51  7:34  Hydralisk x3  
  51  7:36  Overlord  
  57  7:42  Queen  
  59  7:44  Spore Crawler  
  59  7:45  Spine Crawler  
  57  8:04  Hydralisk  
  57  8:05  Hydralisk  
  57  8:14  Spore Crawler x2  
  55  8:22  Hydralisk x4  
  55  8:23  Hydralisk x5  
  73  8:44  Spore Crawler  
  73  8:45  Spore Crawler  
  47  8:56  Hydralisk x2  
  47  8:57  Hydralisk x5  
  47  9:01  Spore Crawler  
  47  9:02  Spore Crawler  
  58  9:03  Spore Crawler  
  57  9:15  Muscular Augments  
  57  9:31  Drone x3  
  60  9:44  Overlord x3  
  60  9:48  Hatchery  
  60  9:50  Extractor  
  60  9:51  Spore Crawler  
  57  10:00  Hydralisk  
  57  10:01  Hydralisk  
  57  10:02  Hydralisk  
  61  10:41  Hatchery  
  55  10:55  Drone  
  55  10:56  Drone  
  54  11:01  Hatchery  
  53  11:19  Hydralisk x2  
  53  11:20  Hydralisk x3  
  63  11:37  Hatchery  
  62  11:45  Spore Crawler  
  61  12:03  Spore Crawler  
  61  12:05  Spore Crawler  
  59  12:10  Drone x3  
  62  12:18  Lair  
  62  12:32  Spore Crawler  
  62  12:33  Spore Crawler  
  60  12:59  Drone x2  
  60  13:00  Drone x4  
  66  13:31  Drone x2  
  66  13:32  Drone x5  
  73  14:21  Hydralisk  
  73  14:22  Hydralisk x3  
  81  14:24  Overlord x2  
  81  14:25  Overlord  
Tags
 
Add a new tag
Caveats
  • Supply blocks, unpowered buildings, or Contaminate may cause inaccurate times.
  • Supply counts are checked every 10 seconds.